 Dungeon Crawl Stone Soup version 0.29.0-4-gdea44cf6ec (webtiles) character file.

Game seed: 15342986624498160732

39586 mathmaestro the Black Sun (level 13, 0/104 HPs)
             Began as a Demonspawn Necromancer on Aug 26, 2022.
             Was a High Priest of Kikubaaqudgha.
             Slain by a death yak (13 damage)
             ... on level 5 of the Lair of Beasts.
             The game lasted 00:46:18 (17343 turns).

mathmaestro the Black Sun (Demonspawn Necromancer) Turns: 17343, Time: 00:46:19

Health: 0/104      AC: 24    Str:  8    XL:     13   Next: 70%
Magic:  1/27       EV: 10    Int: 20    God:    Kikubaaqudgha [*****.]
Gold:   195        SH:  6    Dex: 23    Spells: 3/32 levels left

rFire   + . .      SeeInvis .   n - +4 dagger (venom)
rCold   + . .      Faith    .   Q - +0 buckler {rC+}
rNeg    . . .      Spirit   .   S - +7 ring mail "Meonozuc" {rF+ Dex+7}
rPois   .          Reflect  .   o - +2 hat
rElec   .          Harm     .   f - +2 cloak
rCorr   .          Rampage  .   F - +0 pair of gloves
Will    +....                   (no boots)
Stlth   ++........              M - amulet of magic regeneration
HPRegen 3.27/turn               j - ring of willpower
MPRegen 0.60/turn               b - +4 ring of slaying

@: lethally poisoned (0 -> -5), animating dead
A: hooves 2, powered by death 2, sharp scales 3
a: Renounce Religion, Unearth Wretches, Torment


You were on level 5 of the Lair of Beasts.
You worshipped Kikubaaqudgha.
Kikubaaqudgha was extremely pleased with you.
You visited 2 branches of the dungeon, and saw 15 of its levels.
You also visited: Sewer.

You collected 883 gold pieces.
You spent 688 gold pieces at shops.

Inventory:

Hand Weapons
 n - a +4 dagger of venom (weapon)
 H - a +2 whip of electrocution
 I - a +0 hand axe
Missiles
 B - 5 boomerangs (quivered)
 J - 2 throwing nets
Armour
 f - a +2 cloak (worn)
 o - a +2 hat (worn)
 F - a +0 pair of gloves (worn)
 O - +0 swamp dragon scales
 Q - a +0 buckler of cold resistance (worn)
 S - the +7 ring mail "Meonozuc" (worn) {rF+ Dex+7}
   (You found it on level 1 of the Lair of Beasts)

   Dex:       It affects your dexterity (+7).
   rF:        It protects you from fire.
Jewellery
 a - a ring of ice
 b - a +4 ring of slaying (right hand)
 j - a ring of willpower (left hand)
 k - a ring of protection from cold
 M - an amulet of magic regeneration (around neck)
 R - a ring of protection from cold
Wands
 p - a wand of polymorph (8)
 s - a wand of paralysis (19)
 z - a wand of roots (13)
 G - a wand of digging (8)
 L - a wand of mindburst (13)
 N - a wand of flame (16)
 V - a wand of acid (4)
Scrolls
 e - 3 scrolls of immolation
 h - 2 scrolls of fear
 m - 2 scrolls of butterflies
 q - a scroll of silence
 u - a scroll of enchant armour
 y - 2 scrolls of teleportation
 C - a scroll of brand weapon
 E - 4 scrolls of poison
 K - 3 scrolls of amnesia
 P - 5 scrolls of identify
 T - a scroll of magic mapping
 U - a scroll of vulnerability
Potions
 c - 4 potions of heal wounds
 d - 2 potions of resistance
 g - 3 potions of brilliance
 i - a potion of invisibility
 l - 3 potions of haste
 r - 2 potions of flight
 t - a potion of cancellation
 v - 3 potions of might
 w - 5 potions of curing
 x - 4 potions of lignification
 A - 4 potions of ambrosia
 D - 3 potions of magic


   Skills:
 + Level 10.6 Fighting
 + Level 9.6 Armour
 - Level 2.0 Dodging
 - Level 2.0 Stealth
 - Level 5.0 Shields
 + Level 10.0 Spellcasting
 - Level 5.0 Hexes
 + Level 12.3 Necromancy
 + Level 6.9 Earth Magic
 - Level 5.0 Evocations


You had 3 spell levels left.
You knew the following spells:

 Your Spells              Type           Power      Damage    Failure   Level
a - Necrotise             Necr           100%       1d9       1%          1
b - Vampiric Draining     Necr           56%        2d10      1%          3
c - Animate Dead          Necr           56%        N/A       1%          4
d - Dispel Undead         Necr           56%        3d20      1%          4
e - Sublimation of Blood  Necr           56%        N/A       1%          2
f - Anguish               Hex/Necr       22%        N/A       6%          4
g - Borgnjor's Vile Clut  Necr/Erth      24%        N/A       12%         5
h - Simulacrum            Ice/Necr       17%        N/A       95%         6

Your spell library contained the following spells:

 Spells                   Type           Power      Damage    Failure   Level
 Slow                     Hex            100%       N/A       2%          1
 Confusing Touch          Hex            30%        N/A       9%          3
 Apportation              Tloc           20%        N/A       22%         1
 Agony                    Necr           56%        N/A       3%          5
 Death Channel            Necr           28%        N/A       22%         6
 Corpse Rot               Necr/Pois/Air  26%        N/A       38%         4
 Hailstorm                Conj/Ice       10%        3d5       91%         4
 Ice Form                 Ice/Tmut       10%        N/A       91%         4
 Summon Mana Viper        Hex/Summ       20%        N/A       91%         5
 Alistair's Intoxication  Tmut/Pois      6%         N/A       99%         5
 Summon Forest            Summ/Tloc      5%         N/A       99%         5
 Summon Cactus Giant      Summ           5%         N/A       100%        6
 Enfeeble                 Hex            15%        N/A       100%        7


Dungeon Overview and Level Annotations

Branches:
Dungeon (10/15)            Temple (0/1) D:7            Lair (5/5) D:8
 Shoals (0/4) Lair:2        Snake (0/4) Lair:2        Slime (0/5) Lair:4
  Sewer (visited)
    Orc: D:9-12

Altars:
Cheibriados
Hepliaklqana
Kikubaaqudgha
Nemelex Xobeh
Qazlal
Sif Muna
Vehumet
Wu Jian
Jiyva

Shops:
D:4 ?[!*   D:6 *


Innate Abilities, Weirdness & Mutations

You have hoof-like feet.
You regenerate health from kills.
You are completely covered in razor-sharp scales. (AC +3, Slay +3)


Message History

The cane toad is severely wounded.
The zombie hands constrict the yak!
The zombie hands constrict the death yak! x2
You feel sick. The komodo dragon bites you. The cane toad stings you!
* * * LOW HITPOINT WARNING * * *
You are lethally poisoned!
The cane toad poisons you!
The cane toad is wracked by anguish!
Your basilisk zombie bites the death yak.
The yak gores your cane toad zombie.
The yak is wracked by anguish.
The yak dies!
Kikubaaqudgha accepts your kill.
The dead are walking!
The death yak gores you but does no damage.
The death yak gores your basilisk zombie!!
Your basilisk zombie is destroyed!
The death yak is wracked by anguish!
Your death yak zombie gores the komodo dragon!
Your cane toad zombie hits the death yak but does no damage.
The death yak bellows!
Unknown command.
Casting: Anguish (dangerous; 6% risk of failure)
Confirm with . or Enter, or press ? or * to list all spells.
Aiming: Vampiric Draining (safe; 1% risk of failure)
Press: ? - help, Shift-Dir - straight line, f - cane toad
Aim: a cane toad (almost dead, ally target, anguished)
You draw life force from the cane toad!
You kill the cane toad!
Kikubaaqudgha accepts your kill.
The dead are hopping!
The zombie hands constrict the death yak! x2
You kill the death yak!
Kikubaaqudgha accepts your kill.
You feel extremely sick.
The zombie hands release their grip on the death yak.
The dead are walking!
The komodo dragon bites you!
* * * LOW HITPOINT WARNING * * *
The cane toad stings your cane toad zombie!!
The cane toad is wracked by anguish!!
The death yak gores you!
You die...
Kikubaaqudgha rasps: "You have failed me!
Welcome... death!"

##........
#P.....[.. #
##......... ##.
#P........#
.#..##........#
....P.#......###
.........Z.....#
......ZZ@Y......
.....!.l..Y.....
.......ZYY......
........F.......
....$..ZZ.......
................
................
........$$......
l..............


You could see 3 death yaks, a komodo dragon (ally target), a yak (anguished), a
cane toad (ally target, anguished), 2 friendly yak zombies, 2 friendly death yak
zombies and 2 friendly cane toad zombies.

Vanquished Creatures
  2 hydras (Lair:4)
  5 death yaks
  2 swamp dragons (Lair:4)
  Pikel (D:6)
  9 elephants
  The ghost of robloxmaster the Trooper, a novice GrFi of the Shining One (D:7)
  Maurice (D:9)
  2 black mambas
  8 cane toads
  An unseen horror zombie (D:7)
  A rime drake (Lair:4)
  3 komodo dragons
  A kobold demonologist (D:10)
  An unseen horror skeleton (D:7)
  2 polar bears (Lair:4)
  10 blink frogs
  A shadow (D:10)
  A wyvern (Lair:2)
  16 yaks
  The ghost of turdburglar the Ruffian, an amateur TrGl (D:4)
  3 wraiths
  2 steam dragons (D:9)
  A basilisk (Lair:2)
  A vampire mosquito (Lair:4)
  6 water moccasins
  3 ice beasts
  4 orc warriors
  2 black bears
  3 ogres
  5 wolves (Lair:2)
  A centaur (D:5)
  A kobold brigand (D:10)
  10 bullfrogs
  A necrophage (D:8)
  2 scorpions
  12 killer bees
  3 electric eels
  2 howler monkeys (D:9)
  A vampire bat (D:5)
  2 jellies
  3 orc priests
  Crazy Yiuf (D:5)
  3 gnoll boudas
  4 hounds
  A centaur skeleton (D:7)
  Jessica (D:3)
  3 iguanas
  5 orc wizards
  2 hell rats (Lair:3)
  A spectral howler monkey (D:7)
  A mummy (D:5)
  15 gnolls
  A howler monkey skeleton (D:7)
  6 adders
  A white imp (D:7)
  2 worms (D:2)
  A dart slug (D:1)
  41 orcs
  13 bats
  5 endoplasms
  A giant cockroach (D:2)
  5 hobgoblins
  4 jackals
  4 quokkas
  8 ball pythons
  2 frilled lizards
  13 goblins
  9 kobolds
  2 kobold zombies (D:5)
  2 orc zombies (D:5)
  7 rats
301 creatures vanquished.

Vanquished Creatures (collateral kills)
  3 hydras
  4 death yaks
  5 elephants
  2 cane toads
  2 rime drakes
  A komodo dragon (Lair:3)
  A polar bear (Lair:4)
  3 blink frogs
  13 yaks
  A wyvern (Lair:2)
  3 nagas (Lair:2)
  3 water moccasins
  A bullfrog (Lair:3)
  2 hell rats (Lair:3)
  A jackal (D:3)
45 creatures vanquished.

Vanquished Creatures (others)
  2 hydras
  A two-headed ogre (D:9)
  2 death yaks
  An elephant (Lair:3)
  A komodo dragon (D:10)
  2 cane toads
  2 hydra zombies (Lair:4)
  A blink frog (Lair:4)
  3 yaks
  A basilisk (Lair:5)
  A vampire mosquito (Lair:4)
  A cane toad zombie (Lair:2)
  An elephant zombie (Lair:2)
  An orc warrior (D:8)
  5 blink frog zombies
  2 swamp dragon zombies (Lair:4)
  A water moccasin zombie (Lair:2)
  3 yak zombies (Lair:4)
  2 bullfrog zombies (Lair:4)
  A basilisk zombie (Lair:5)
  2 orc priests (D:8)
  A gnoll (D:8)
  6 orc zombies (D:8)
  46 fungi
  64 plants
153 creatures vanquished.

Grand Total: 499 creatures vanquished

Notes
Turn   | Place    | Note
-------+----------+-------------------------------------------
     0 | D:1      | mathmaestro the Demonspawn Necromancer began the quest for
                  | the Orb.
     0 | D:1      | Reached XP level 1. HP: 13/13 MP: 3/3
   463 | D:1      | Gained mutation: You have large cloven feet. [demonic
                  | ancestry]
   463 | D:1      | Reached XP level 2. HP: 20/20 MP: 1/5
   721 | D:1      | Found a faded altar of an unknown god.
  1067 | D:2      | Reached skill level 1 in Fighting
  1366 | D:2      | Gained mutation: You regenerate a little health from kills.
                  | [demonic ancestry]
  1366 | D:2      | Reached XP level 3. HP: 26/26 MP: 1/6
  1370 | D:2      | Learned a level 3 spell: Vampiric Draining
  2424 | D:3      | Found a shimmering blue altar of Sif Muna.
  2659 | D:3      | Reached skill level 5 in Necromancy
  2659 | D:3      | Gained mutation: You are partially covered in razor-sharp
                  | scales. (AC +1, Slay +1) [demonic ancestry]
  2659 | D:3      | Reached XP level 4. HP: 33/33 MP: 4/8
  3117 | D:3      | Noticed Jessica
  3125 | D:3      | Killed Jessica
  3176 | D:3      | Gained mutation: You have hoof-like feet. [demonic
                  | ancestry]
  3176 | D:3      | Reached XP level 5. HP: 39/39 MP: 7/9
  3616 | D:3      | Learned a level 4 spell: Animate Dead
  3665 | D:4      | Found a glowing drain.
  3674 | Sewer    | Entered a sewer
  3784 | Sewer    | Noticed a water moccasin
  3796 | Sewer    | Killed a water moccasin
  3797 | Sewer    | Reached skill level 1 in Armour
  3797 | Sewer    | Reached skill level 1 in Shields
  3797 | Sewer    | Gained mutation: You are mostly covered in razor-sharp
                  | scales. (AC +2, Slay +2) [demonic ancestry]
  3797 | Sewer    | Reached XP level 6. HP: 27/46 MP: 4/11
  4073 | D:4      | Found Nuth's Distillery.
  4223 | D:4      | Bought 2 potions of degeneration for 24 gold pieces
  4223 | D:4      | Bought a potion of might for 48 gold pieces
  4223 | D:4      | Bought a potion of curing for 36 gold pieces
  4223 | D:4      | Bought a potion of lignification for 36 gold pieces
  4223 | D:4      | Bought a potion of attraction for 36 gold pieces
  4230 | D:4      | Found a runed translucent door.
  4230 | D:4      | Noticed turdburglar's ghost (amateur TrGl)
  4240 | D:4      | Found Qeotwosa's Armour Emporium.
  4269 | D:4      | Found Koyjoituwn's Magic Scroll Shoppe.
  4277 | D:4      | Bought a scroll of teleportation for 30 gold pieces
  4277 | D:4      | Bought a scroll of identify for 20 gold pieces
  4479 | D:4      | Found Miginig's Assorted Antiques.
  4596 | D:5      | Entered Level 5 of the Dungeon
  4596 | D:5      | Noticed a water moccasin
  4601 | D:5      | Killed a water moccasin
  4636 | D:5      | Reached skill level 1 in Evocations
  4845 | D:5      | Found a sparkling altar of Nemelex Xobeh.
  4845 | D:5      | Found a stormy altar of Qazlal.
  4845 | D:5      | Found an ancient bone altar of Kikubaaqudgha.
  4852 | D:5      | Became a worshipper of Kikubaaqudgha
  4892 | D:5      | Reached XP level 7. HP: 46/52 MP: 6/12
  4978 | D:5      | Found a runed translucent door.
  4979 | D:5      | Noticed Crazy Yiuf
  4986 | D:5      | Killed Crazy Yiuf
  4987 | D:5      | Reached skill level 6 in Necromancy
  5144 | D:5      | Found a large runed translucent door.
  5147 | D:5      | Found a large runed translucent door.
  5463 | D:5      | Learned a level 4 spell: Dispel Undead
  5596 | D:5      | Found a snail-covered altar of Cheibriados.
  5621 | D:5      | Found a radiant altar of Vehumet.
  5798 | D:6      | Found Nawkug's Gadget Gallery.
  5804 | D:6      | Gained mutation: You regenerate health from kills. [demonic
                  | ancestry]
  5804 | D:6      | Reached XP level 8. HP: 60/60 MP: 14/14
  6044 | D:6      | Noticed Pikel
  6062 | D:6      | Killed Pikel
  6151 | D:6      | You fall into a shaft and drop 1 floor!
  6477 | D:4      | Bought a scroll of blinking for 75 gold pieces
  6477 | D:4      | Bought a scroll of identify for 20 gold pieces
  6477 | D:4      | Bought a scroll of amnesia for 40 gold pieces
  6515 | D:4      | Killed turdburglar's ghost
  6516 | D:4      | Reached XP level 9. HP: 39/66 MP: 16/16
  6661 | D:7      | Reached skill level 7 in Necromancy
  6775 | D:7      | Found a runed translucent gate.
  6805 | D:7      | Found a runed translucent gate.
  6805 | D:7      | Found a runed translucent gate.
  6806 | D:7      | Noticed robloxmaster's ghost (novice GrFi)
  6816 | D:7      | Found a staircase to the Ecumenical Temple.
  7035 | D:7      | Reached * piety under Kikubaaqudgha
  7035 | D:7      | Received a gift from Kikubaaqudgha
  7039 | D:7      | Learned a level 2 spell: Sublimation of Blood
  7386 | D:7      | Reached skill level 5 in Fighting
  7386 | D:7      | Reached skill level 5 in Spellcasting
  7467 | D:6      | Learned a level 4 spell: Anguish
  7516 | D:7      | Reached skill level 5 in Armour
  7577 | D:7      | Reached skill level 5 in Shields
  7758 | D:7      | Killed robloxmaster's ghost
  7759 | D:7      | Reached skill level 1 in Hexes
  7944 | D:4      | Bought a scroll of noise for 10 gold pieces
  7957 | D:4      | Bought a +0 pair of gloves for 58 gold pieces
  8391 | D:8      | Found a staircase to the Lair.
  8436 | D:7      | Reached XP level 10. HP: 48/76 MP: 2/18
  8615 | D:8      | Reached skill level 5 in Evocations
  8626 | D:8      | Reached skill level 8 in Necromancy
  8846 | D:8      | Reached ** piety under Kikubaaqudgha
  9883 | D:9      | Noticed a two-headed ogre
  9891 | D:9      | Killed a two-headed ogre
 10060 | D:9      | Noticed Maurice
 10106 | D:9      | Killed Maurice
 10493 | D:10     | Entered Level 10 of the Dungeon
 10550 | D:10     | Found an ornate altar of the Wu Jian Council.
 10550 | D:10     | Found a hazy altar of Hepliaklqana.
 10922 | D:4      | Bought a shiny buckler for 180 gold pieces
 11116 | D:10     | Reached skill level 9 in Necromancy
 11769 | D:10     | Reached *** piety under Kikubaaqudgha
 11769 | D:10     | Received a gift from Kikubaaqudgha
 11963 | Lair:1   | Entered Level 1 of the Lair of Beasts
 11992 | Lair:1   | Reached XP level 11. HP: 67/84 MP: 9/21
 12100 | Lair:1   | Learned a level 5 spell: Borgnjor's Vile Clutch
 12177 | Lair:1   | Reached skill level 5 in Hexes
 12237 | Lair:1   | Reached skill level 1 in Earth Magic
 12490 | Lair:1   | Noticed a seven-headed hydra
 12500 | Lair:1   | Killed a seven-headed hydra
 12905 | Lair:1   | Identified the +7 ring mail "Meonozuc" {rF+ Dex+7}
 13434 | D:4      | Bought a scroll of magic mapping for 75 gold pieces
 13744 | Lair:2   | Found a staircase to the Snake Pit.
 13765 | Lair:2   | Reached skill level 10 in Necromancy
 13934 | Lair:2   | Found a staircase to the Shoals.
 14218 | Lair:2   | Gained mutation: You are completely covered in razor-sharp
                  | scales. (AC +3, Slay +3) [demonic ancestry]
 14218 | Lair:2   | Reached XP level 12. HP: 61/94 MP: 11/24
 14319 | Lair:2   | Reached **** piety under Kikubaaqudgha
 15137 | Lair:3   | Noticed a four-headed hydra
 15149 | Lair:3   | Noticed a seven-headed hydra
 15150 | Lair:3   | Killed a four-headed hydra
 15157 | Lair:3   | Killed a seven-headed hydra
 15168 | Lair:3   | Noticed a death yak
 15168 | Lair:3   | Noticed a death yak
 15171 | Lair:3   | Noticed a death yak
 15173 | Lair:3   | Noticed a death yak
 15180 | Lair:3   | Killed a death yak
 15184 | Lair:3   | Killed a death yak
 15185 | Lair:3   | Reached skill level 11 in Necromancy
 15186 | Lair:3   | Killed a death yak
 15187 | Lair:3   | Reached skill level 5 in Earth Magic
 15195 | Lair:3   | Killed a death yak
 15200 | Lair:3   | Identified the +8 quarterstaff of the Devouring Seeker
                  | {venom, rElec Str+4}
 15863 | Lair:3   | Reached XP level 13. HP: 93/102 MP: 26/26
 16139 | Lair:4   | Reached ***** piety under Kikubaaqudgha
 16277 | Lair:4   | Reached skill level 10 in Fighting
 16510 | Lair:4   | Reached skill level 12 in Necromancy
 17228 | Lair:4   | Found a viscous altar of Jiyva.
 17229 | Lair:4   | Found a staircase to the Slime Pits.
 17294 | Lair:4   | Learned a level 6 spell: Simulacrum
 17318 | Lair:5   | Entered Level 5 of the Lair of Beasts
 17338 | Lair:5   | Reached skill level 10 in Spellcasting
 17343 | Lair:5   | Slain by a death yak

Illustrated notes

Levels and vault maps discovered:
D:1:      wander_arrival_peaceful_grave, layout_basic,
          hellmonk_ecumenical_altar_run_dry
D:2:      layout_basic, hangedman_decor_riveting
D:3:      cheibrodos_greedy_goblins, layout_loops_ring, led_sif_pool,
          uniq_jessica
D:4:      layout_rooms, serial_shops, shop, shop, shop, nicolae_shop_stone,
          hellmonk_ghost_happy_afterlife, portal_sewer_entry_a
D:5:      layout_basic, gammafunk_temple_overflow_claw, jmf_multi_god_temple2,
          minmay_tree_intersection, roderic_batcave, minmay_mini_ossuary,
          uniq_crazy_yiuf_cottage
D:6:      layout_cave_pools, nicolae_shop_gadgets, uniq_pikel
D:7:      layout_basic, minmay_temple_entry_junction, gammafunk_ghost_necromancy
D:8:      layout_gridville, grunt_lair_entry_orc_guard_hut, special_room
          [special_room_orc]
D:9:      layout_loops_ring, nicolae_lava_and_water, uniq_maurice
D:10:     layout_cave_pods, nicolae_overflow_two_pavilions,
          amcnicky_mini_corridor_feature
Lair:1:   layout_misc_corridors, serial_bayou_shore_a,
          infiniplex_staircase_pool_2, grunt_megastairs_4
Lair:2:   layout_loops_ring, shoals_dummy_entry, guppyfry_snake_entry_island
Lair:3:   layout_layer_cave
Lair:4:   layout_cave_pods, slime_entry_1, pond
Lair:5:   cheibrodos_lair_end_hotspot, layout_hall_layers

Skill      XL: |  1  2  3  4  5  6  7  8  9 10 11 12 13 |
---------------+----------------------------------------+-----
Stealth        | 2 |  2.0
Dodging        | 2 |  2.0
Fighting       | 1 2 3 4 5 7 8 9 10 | 10.6
Necromancy     | 5 6 7 9 10 11 12 | 12.3
Spellcasting   | 3 4 5 6 8 9 10 | 10.0
Armour         | 1 2 4 5 6 7 8 9 |  9.6
Shields        | 1 2 4 5 |  5.0
Evocations     | 1 2 3 4 5 |  5.0
Hexes          | 2 4 5 |  5.0
Earth Magic    | 3 5 6 |  6.9

Action                   |  1- 3 |  4- 6 |  7- 9 | 10-12 | 13-15 || total
-------------------------+-------+-------+-------+-------+-------++-------
Melee: Unarmed           |    10 |       |       |       |       ||    10
       Dagger            |    13 |    29 |   132 |   348 |    99 ||   621
       Kick              |     1 |     7 |    53 |   150 |    57 ||   268
Throw: Boomerang         |       |       |     3 |       |       ||     3
 Cast: Necrotise         |    92 |    65 |    75 |    51 |     4 ||   287
       Vampiric Draining |       |     6 |     7 |    59 |    20 ||    92
       Dispel Undead     |       |       |     6 |     4 |     1 ||    11
       Anguish           |       |       |     1 |    23 |     6 ||    30
       Animate Dead      |       |       |     1 |     5 |     4 ||    10
       Borgnjor's Vile C |       |       |       |       |     8 ||     8
       Sublimation of Bl |       |       |       |       |     1 ||     1
Evoke: Wand              |       |       |       |     6 |     1 ||     7
  Use: Scroll            |       |     5 |     6 |     9 |     1 ||    21
       Potion            |       |     1 |     1 |     1 |     1 ||     4
 Stab: Sleeping          |     1 |     1 |     1 |     1 |       ||     4
       Paralysed         |       |       |       |     4 |       ||     4
       Distracted        |       |       |       |     5 |     2 ||     7
Armor: Robe              |    10 |    46 |     9 |       |       ||    65
       Leather armour    |       |       |    78 |    45 |       ||   123
       Swamp dragon scal |       |       |       |    81 |       ||    81
       Ring mail         |       |       |       |   145 |    97 ||   242
Dodge: Dodged            |    41 |    61 |   102 |   233 |    64 ||   501
Block: Buckler           |       |    23 |    41 |   130 |    42 ||   236
